Imbecille, neutral male human Tourist @ --------- A|.......| |.......| A |..@@...| |.......| | |.......| @| |. ----|---- .| |...A..@.)....| ---.....%A..--- -----a----- --%...... --...%@%$. ----- |...%!.%. |..... --..%%%... --)..- --%..%..%--.!.)| ----%----...--- .............| -------------- Imbecille the Journeyer Experience level: 18 Strength: 18/01 Dexterity: 18 Constitution: 18 Intelligence: 10 Wisdom: 18 Charisma: 18 Health: 157(184) Energy: 111(111) AC: -24 Gold: 0 Moves: 70999 Your Inventory: Amulets M - an uncursed amulet of reflection (being worn) Weapons a - the blessed rustproof +1 Vorpal Blade (weapon in hand) h - a blessed +6 silver saber (wielded in other hand) t - 24 uncursed +6 daggers (in quiver) Armor c - a blessed +4 reflecting dragon scale mail (being worn) k - an uncursed +4 Hawaiian shirt (being worn) p - a blessed burnt +4 cloak of displacement (being worn) A - an uncursed fireproof +4 pair of leather gloves (being worn) J - a blessed fireproof +4 pair of speed boots (being worn) Z - a blessed fireproof +6 elven leather helm (being worn) Comestibles Y - 4 uncursed lizard corpses Potions l - an uncursed potion of full healing Rings e - a cursed ring of slow digestion i - an uncursed ring of levitation j - an uncursed ring of conflict (on left hand) D - an uncursed ring of free action (on right hand) Wands n - an [uncursed] wand of digging [0:1] q - an uncursed wand of teleportation (0:5) r - an uncursed wand of striking (1:1) u - an uncursed wand of death (1:6) v - an uncursed wand of cancellation (0:2) y - an uncursed wand of enlightenment (0:14) z - an uncursed wand of wishing (1:0) I - an [uncursed] wand of cold [0:6] L - an uncursed wand of light (0:8) O - an uncursed wand of secret door detection (0:9) Q - an uncursed wand of death (0:3) S - an uncursed wand of teleportation (0:6) T - an uncursed wand of polymorph (1:5) U - an uncursed wand of digging (0:6) Tools b - a blessed bag of holding d - an uncursed stethoscope g - the uncursed Bell of Opening (0:2) m - an uncursed credit card o - an uncursed lock pick s - a blessed magic marker (1:3) w - an uncursed magic lamp (lit) B - an uncursed blindfold F - an uncursed pair of lenses N - the blessed fireproof Platinum Yendorian Express Card P - a blessed +5 unicorn horn Gems G - a blessed luckstone Contents of the bag of holding: an uncursed +0 dagger of telepathy an uncursed -2 helm of opposite alignment a blessed +2 pair of water walking boots a [blessed] fireproof +5 tattered cape [cloak of magic resistance] 5 uncursed food rations 6 uncursed scrolls of blank paper 4 blessed scrolls of charging an uncursed scroll of charging a [blessed] scroll of enchant armor a blessed scroll of gold detection 2 [uncursed] scrolls of gold detection a blessed scroll of remove curse 4 uncursed scrolls of scare monster 7 blessed potions called water [of holy water] 6 uncursed potions of full healing 3 cursed potions of full healing a [blessed] potion of full healing a blessed potion of paralysis 2 uncursed potions of paralysis a cursed ring of polymorph an uncursed ring of polymorph control an uncursed ring of shock resistance an uncursed ring of teleportation an uncursed bent wand [of nothing (0:2)] an uncursed wand of cold [0:4] a cursed wand of cold [0:6] an uncursed wand of digging [0:4] a [blessed] wand of digging [0:5] an [uncursed] wand of digging [0:3] an [uncursed] wand of enlightenment [0:7] an uncursed wand of fire [0:4] an [uncursed tallow] candle 3 [uncursed] emeralds Spells known in the end: Name Level Category Fail Memory a - wizard lock 2* matter 30% [........] b - detect monsters 1* divination 30% [........] c - cause fear 3* enchantment 100% [........] d - invisibility 4 escape 100% [||......] Your skills at the end: Fighting Skills two weapon combat [Skilled / Skilled] body armor [Basic / Basic] shield [Basic / Basic] Weapon Skills dagger [Basic / Expert] axe [Basic / Basic] long sword [Basic / Basic] saber [Skilled / Skilled] dart [Basic / Expert] Spellcasting Skills Final Attributes: You were piously aligned. Hunger level was 1040. Your alignment was 364 / 364. Monster difficulty range was 17 - 57. Level difficulty was 70. You resisted fire. You resisted cold. You were immune to sleep. You resisted electricity. You resisted poison. You were magic-protected. You resisted spell damage. You saw invisible. You were telepathic. You were aware of the presence of jabberwocks. You had automatic searching. You were invisible to others. You were displaced. You caused conflict. You could teleport. You had teleport control. You were very fast. You had reflection. You had free action. You were wielding two weapons at once. You were extremely lucky (13). You had extra luck. Good luck did not time out for you. You survived. Vanquished creatures: Cthulhu Asmodeus Baalzebub Dispater Geryon Orcus Yeenoghu Juiblex The Wizard of Yendor (thrice) Death Vlad the Impaler 2 mastodons Medusa Croesus 5 krakens The Master of Thieves 5 master liches 7 storm giants 2 titans 5 balrogs 6 purple worms 3 wyverns 4 tatzelworms 5 amphiteres 5 sarkanies 6 guivres 3 leviathans 3 gold dragons 5 lindworms 4 drakens 6 sirrushes 3 minotaurs 17 jabberwocks 5 baluchitheria 5 Angels 2 demiliches 2 stone golems 7 Olog-hai a Nazgul 13 pit fiends 8 hell hounds 7 titanotheres 5 trappers a baby tatzelworm a baby amphitere a baby draken a disenchanter 49 vampire lords 4 skeletons 12 aligned priests 14 captains 5 shades 14 liches 2 clay golems 9 nurses 11 ice devils 12 nalfeshnees Aphrodite 2 lurkers above 2 frost giants 3 ettins 2 golden nagas 6 black puddings 33 vampires 9 lieutenants 47 ghosts 3 queen bees a winged gargoyle 7 giant mimics 2 zruties 2 fire giants 2 ogre kings 6 ice trolls 5 rock trolls 5 umber hulks a flesh golem 4 Elvenkings 2 doppelgangers 10 hezrous 17 bone devils 5 large mimics a wumpus 3 fire vortices 3 baby long worms a baby purple worm 10 long worms 7 couatls 6 stalkers 7 air elementals 3 fire elementals 2 earth elementals 6 water elementals 4 hill giants 4 giant mummies 6 black nagas 6 xorns 24 giant zombies 5 elf-lords 47 sergeants 10 barbed devils 10 vrocks 13 wargs 4 winter wolves 2 hell hound pups 21 small mimics 3 glass piercers a rodent of unusual size 3 warhorses 12 xans 5 ettin mummies 12 ogre lords 7 quantum mechanics 20 trolls 4 sasquatches 2 wood golems 3 erinyes 8 mariliths a djinni 6 sharks 5 electric eels 4 giant turtles 8 gelatinous cubes 5 pyrolisks a freezing sphere 10 flaming spheres 7 shocking spheres a large cat 9 tigers 7 gargoyles 2 dwarf kings 21 tengu 2 ochre jellies 6 leocrottas 4 energy vortices 11 mountain centaurs 10 stone giants 4 elf mummies 6 human mummies 5 green slimes 8 pit vipers 9 pythons 6 cobras 66 wraiths 6 carnivorous apes 38 ettin zombies 3 leather golems 21 Grey-elves 118 soldiers a watchman 23 horned devils 9 succubi 12 incubi 9 chameleons a crocodile 19 giant beetles 6 quivering blobs 10 cockatrices 23 wolves 16 winter wolf cubs 5 lynxes 2 panthers 19 gremlins 3 spotted jellies 85 leprechauns 12 orc-captains 7 iron piercers 2 mumakil 140 giant spiders 12 scorpions 4 horses 4 ice vortices 6 black lights 10 vampire bats 40 forest centaurs 11 gnome kings 4 orc mummies 3 dwarf mummies 7 ogres 11 brown puddings 13 rust monsters 11 owlbears 11 yetis 5 gold golems 7 werewolves 16 Green-elves 4 piranhas 12 giant eels 14 lizards 6 guides 8 chickatrices 4 dogs 3 dingos 2 housecats 7 jaguars 6 dwarf lords 5 blue jellies 8 white unicorns 4 black unicorns 6 dust vortices 24 ravens 11 plains centaurs a Kop Kaptain 3 gnome mummies 19 snakes 6 apes 44 human zombies 2 rope golems 15 Woodland-elves 14 soldier ants 13 fire ants 12 snow ants 14 bugbears 9 imps 84 lemures 12 quasits 9 wood nymphs 11 water nymphs 6 mountain nymphs 19 Mordor orcs 17 Uruk-hai 3 orc shamans 11 rock piercers 8 enormous rats 5 rock moles 2 ponies 6 fog clouds 18 yellow lights 5 shriekers 6 violet fungi 28 gnome lords 9 gnomish wizards 6 Kop Lieutenants 5 kobold mummies a black naga hatchling 11 gray oozes 4 barrow wights 29 elf zombies 24 ghouls 4 straw golems 2 paper golems a wax golem 6 jellyfish 35 giant ants 5 little dogs 15 floating eyes 3 kittens 23 dwarves 15 homunculi 6 kobold lords 2 kobold shamans 47 hill orcs 28 rothes 8 rabid rats 8 centipedes 6 giant bats 3 monkeys 25 orc zombies 33 dwarf zombies 4 wererats 8 werejackals 4 muggers 18 iguanas 42 killer bees 3 acid blobs 8 coyotes 6 gas spores 11 hobbits 7 manes 6 large kobolds 27 hobgoblins 8 giant rats 12 cave spiders a yellow mold a green mold 89 gnomes 6 Keystone Kops 37 garter snakes 42 gnome zombies 23 geckos 18 jackals 5 foxes a kobold 11 goblins 9 sewer rats 18 grid bugs a bat 15 lichens 23 kobold zombies 16 newts 3124 creatures vanquished. Genocided or extinct species: locusts mind flayers master mind flayers giant spiders (extinct) vorpal jabberwocks demiliches master liches arch-liches disenchanters soldiers (extinct) erinyes (extinct) 8 species genocided. 11 species extinct. Voluntary challenges: You used a wielded weapon 5489 times. You read items or engraved 231 times. You put on armor 141 times. You genocided 8 types of monsters. You polymorphed 12 items. You never changed form. You used 2 wishes. You used 2 wishes for magical items. You did not wish for any artifacts. You wrote Elbereth's name 8 times. You encountered 2 bones levels. You used 2 Sokoban shortcuts. Dungeon overview: The Dungeons of Doom: levels 1 to 28 Level 1 stairs to The Elemental Planes Level 2 (T) a general store Level 3 stairs to The Gnomish Mines Level 5 (T) Level 7 stairs to Sokoban Level 8 (un ingresso alla citta') a general store stairs to Town Level 10 a fountain Level 12 (T) portal to The Quest Level 13 (temple) a temple Level 15 portal to Fort Ludios Level 16 (safe) a sink, a throne Level 17 a temple, a fountain Level 19 a fountain Level 22 a fountain Level 23 some fountains Level 24 a fountain portal to One-eyed Sam's Market Level 25 a throne Level 28 a magic chest, a fountain, a throne, many trees Gehennom: levels 29 to 55 Level 29 a temple, a magic chest stairs to The Dungeons of Doom Level 35 many fountains, a throne Level 36 a throne Level 39 some altars, a magic chest, a fountain, a throne Level 40 a throne stairs to Vlad's Tower Level 44 portal to Gehennom Level 45 many trees Level 50 a magic chest Level 51 (->) portal to Gehennom Level 55 a temple The Gnomish Mines: levels 4 to 11 Level 4 stairs to The Dungeons of Doom Level 6 (Luck) Level 7 some shops, a temple to The Lady, a magic chest, some fountains Level 9 (invisible lich) The Quest: levels 1 to 6 Level 1 a magic chest, a throne portal to The Dungeons of Doom Level 3 some shops Level 6 some shops Sokoban: levels 4 to 6 Level 6 stairs to The Dungeons of Doom Town: levels 5 to 7 Level 5 many shops, some fountains, a sink Level 6 many fountains, many trees Level 7 stairs to The Dungeons of Doom Fort Ludios: Level 1 (safes) a magic chest portal to The Dungeons of Doom One-eyed Sam's Market: Level 1 portal to The Dungeons of Doom Vlad's Tower: levels 36 to 39 Level 36 a throne Level 39 many trees stairs to Gehennom The Elemental Planes: Astral Plane <- You were here a temple to The Lady Plane of Water portal to The Elemental Planes Plane of Earth portal to The Elemental Planes Plane of Fire portal to The Elemental Planes Plane of Air portal to The Elemental Planes History has recorded: On T:1 you entered the Dungeons of Doom to retrieve the Amulet of Yendor! On T:343 you advanced to experience level 2. On T:367 you reached level 2 of The Dungeons of Doom. On T:482 you advanced to experience level 3. On T:840 you reached level 3 of The Dungeons of Doom. On T:875 you advanced to experience level 4. On T:1318 you advanced to experience level 5. On T:1360 you reached level 1 of The Gnomish Mines. On T:1734 you advanced to experience level 6. On T:2013 you reached level 2 of The Gnomish Mines. On T:2074 you reached level 3 of The Gnomish Mines. On T:2238 you advanced to experience level 7. On T:3289 you advanced to experience level 8. On T:3452 you reached level 4 of The Gnomish Mines. On T:4532 you advanced to experience level 9. On T:5394 you received Vorpal Blade from The Lady. On T:6177 you reached level 4 of The Dungeons of Doom. On T:6604 you reached level 5 of The Dungeons of Doom. On T:7016 you reached level 6 of The Dungeons of Doom. On T:8656 you advanced to experience level 10. On T:8948 you reached level 7 of The Dungeons of Doom. On T:9109 you reached level 3 of Sokoban. On T:10023 you reached level 5 of The Gnomish Mines. On T:10217 you reached level 6 of The Gnomish Mines. On T:10409 you reached level 7 of The Gnomish Mines. On T:10498 you reached level 8 of The Gnomish Mines. On T:12483 you reached level 2 of Sokoban. On T:13221 you advanced to experience level 11. On T:13447 you reached level 1 of Sokoban. On T:15674 you reached level 8 of The Dungeons of Doom. On T:15945 you reached level 9 of The Dungeons of Doom. On T:16147 you reached level 10 of The Dungeons of Doom. On T:16310 you reached level 11 of The Dungeons of Doom. On T:16317 you reached level 12 of The Dungeons of Doom. On T:16597 you reached level 13 of The Dungeons of Doom. On T:16918 you reached level 14 of The Dungeons of Doom. On T:17154 you reached level 15 of The Dungeons of Doom. On T:17443 you reached level 16 of The Dungeons of Doom. On T:17942 you reached level 17 of The Dungeons of Doom. On T:18350 you reached level 18 of The Dungeons of Doom. On T:19872 you reached level 3 of Town. On T:20999 you advanced to experience level 12. On T:27265 you reached level 2 of Town. On T:27571 you killed Aphrodite on level 2 of Town. On T:28891 you reached level 1 of Town. On T:30444 you reached Fort Knox. On T:30647 you reached level 1 of The Quest. On T:31409 you advanced to experience level 13. On T:32438 you killed Croesus in Fort Knox. On T:33153 you advanced to experience level 14. On T:33679 you embarked upon an epic quest. On T:33682 you reached level 2 of The Quest. On T:33921 you reached level 3 of The Quest. On T:35223 you reached level 4 of The Quest. On T:35581 you reached level 5 of The Quest. On T:36076 you reached level 6 of The Quest. On T:36556 you advanced to experience level 15. On T:41092 you killed Master of Thieves on level 6 of The Quest. On T:41617 you completed the quest! On T:42623 you genocided all arch-liches On T:42903 you genocided all demiliches On T:42904 you genocided all master mind flayers On T:55539 you received a silver saber of searching from The Lady. On T:57066 you reached level 19 of The Dungeons of Doom. On T:58449 you reached level 20 of The Dungeons of Doom. On T:58688 you reached level 21 of The Dungeons of Doom. On T:58913 you reached level 22 of The Dungeons of Doom. On T:59083 you reached level 23 of The Dungeons of Doom. On T:59323 you reached level 24 of The Dungeons of Doom. On T:59479 you reached level 1 of One-eyed Sam's Market. On T:59769 you genocided all mind flayers On T:59770 you genocided all vorpal jabberwocks On T:61111 you advanced to experience level 16. On T:61112 you advanced to experience level 17. On T:61113 you genocided all locusts On T:61632 you reached level 25 of The Dungeons of Doom. On T:61770 you reached level 26 of The Dungeons of Doom. On T:61844 you killed Medusa on level 26 of The Dungeons of Doom. On T:61847 you advanced to experience level 18. On T:61864 you reached level 27 of The Dungeons of Doom. On T:61945 you reached The Castle. On T:62220 you genocided all disenchanters On T:62724 you advanced to experience level 19. On T:62840 you reached The Valley of the Dead. On T:63589 you reached level 2 of Gehennom. On T:63648 you reached level 3 of Gehennom. On T:63700 you reached level 4 of Gehennom. On T:63767 you reached level 5 of Gehennom. On T:63799 you reached level 6 of Gehennom. On T:63812 you killed Juiblex on level 6 of Gehennom. On T:63884 you reached level 7 of Gehennom. On T:64189 you killed Asmodeus on level 7 of Gehennom. On T:64216 you reached level 8 of Gehennom. On T:64425 you killed Baalzebub on level 8 of Gehennom. On T:64509 you reached level 9 of Gehennom. On T:64542 you reached level 10 of Gehennom. On T:64598 you reached level 11 of Gehennom. On T:64676 you killed Orcus on level 11 of Gehennom. On T:64732 you reached level 12 of Gehennom. On T:64735 you killed Yeenoghu on level 12 of Gehennom. On T:64830 you reached level 13 of Gehennom. On T:64927 you reached level 14 of Gehennom. On T:64935 you reached level 15 of Gehennom. On T:64944 you reached level 16 of Gehennom. On T:65115 you reached level 4 of Vlad's Tower. On T:65317 you reached level 3 of Vlad's Tower. On T:65388 you reached level 2 of Vlad's Tower. On T:65755 you reached level 1 of Vlad's Tower. On T:65821 you killed Vlad the Impaler on level 1 of Vlad's Tower. On T:66784 you wished for "blessed magic marker". On T:66787 you genocided all master liches On T:66991 you reached level 17 of Gehennom. On T:67001 you killed Geryon on level 17 of Gehennom. On T:67066 you reached level 18 of Gehennom. On T:67129 you reached level 19 of Gehennom. On T:67145 you killed Dispater on level 17 of Gehennom. On T:67277 you reached level 20 of Gehennom. On T:67347 you reached level 21 of Gehennom. On T:67409 you reached level 22 of Gehennom. On T:67417 you reached level 23 of Gehennom. On T:67518 you reached level 24 of Gehennom. On T:67709 you reached level 25 of Gehennom. On T:67771 you reached level 26 of Gehennom. On T:67852 you wished for "blessed fireproof +2 cloak of magic resistance". On T:68502 you killed Wizard of Yendor on level 14 of Gehennom. On T:68642 you performed the invocation. On T:68643 you reached level 27 of Gehennom. On T:69012 you killed Cthulhu on level 27 of Gehennom. On T:69014 you gained the Amulet of Yendor! On T:70298 you killed Wizard of Yendor on level 20 of The Dungeons of Doom. On T:70692 you reached the Plane of Air. On T:70693 you killed Wizard of Yendor on the Plane of Air. On T:70762 you reached the Plane of Fire. On T:70772 you reached the Astral Plane. On T:70829 you reached the Plane of Water. On T:70946 you reached the Astral Plane. On T:70986 you killed Death on the Astral Plane. On T:70999 you lost the Amulet of Yendor. On T:70999 you offered the Amulet of Yendor to The Lady and ascended to the status of Demigod! Latest messages: The Angel of The Lady swings her long sword at the renegade priestess of The Lady. The Angel of The Lady hits the renegade priestess of The Lady. The renegade priestess of The Lady is killed! You hear a nearby zap. The bolt of cold hits the priest of Blind Io! The bolt of cold whizzes by you! The high priest intones: "Pilgrim, you enter a sacred place!" The giant ant misses the killer bee. The killer bee stings the giant ant. You hear some noises. [HP+4=157] The priest of Blind Io picks up a rustproof long sword. You hear some noises in the distance. The priest of Blind Io picks up a rustproof large shield. There is an altar to The Lady (neutral) here. You offer the Amulet of Yendor to The Lady... An invisible choir sings, and you are bathed in radiance... The voice of The Lady rings out: "Congratulations, mortal!" "In return for thy service, I grant thee the gift of Immortality!" You ascend to the status of Demigod... Final status: Aloha Imbecille the Demigod... You went to your reward with 934150 points, Vorpal Blade (worth 4000 zorkmids and 10000 points) The Bell of Opening (worth 5000 zorkmids and 12500 points) The Platinum Yendorian Express Card (worth 7000 zorkmids and 17500 points) 3 emeralds (worth 7500 zorkmids), 1 amulet of reflection (worth 150 zorkmids), and 0 pieces of gold, after 70999 moves. You were level 18 with a maximum of 184 hit points when you ascended.